 Seeded DCSS version 0.29-a0-362-g5854e031c7 (webtiles) character file.

Game seed: 10970400451009639377 (custom seed)

26 lucidbluej the Slasher (level 2, -4/27 HPs)
             Began as a Minotaur Berserker on Apr 29, 2022.
             Was a Believer of Trog.
             Slain by a goblin
             ... wielding a +0 club
             ... led by Robin
              (5 damage)
             ... on level 2 of the Dungeon.
             The game lasted 00:03:16 (278 turns).

lucidbluej the Slasher (Minotaur Berserker)          Turns: 278, Time: 00:03:17

Health: -4/27      AC:  2    Str: 21    XL:     2   Next: 89%
Magic:  1/1        EV: 12    Int:  4    God:    Trog [**....]
Gold:   7          SH:  0    Dex:  9    Spells: 1/1 levels left

rFire   . . .      SeeInvis .   a - +0 falchion
rCold   . . .      Faith    .   (no shield)
rNeg    . . .      Spirit   .   b - +0 animal skin
rPois   .          Reflect  .   (helmet restricted)
rElec   .          Harm     .   (no cloak)
rCorr   .          Rampage  .   (no gloves)
Will    .....                   (no boots)
Stlth   +.........              (no amulet)
HPRegen 0.09/turn               (no ring)
MPRegen 0.07/turn               (no ring)

@: attractive
A: horns 2, retaliatory headbutt
a: Renounce Religion, Berserk, Trog's Hand


You were on level 2 of the Dungeon.
You worshipped Trog.
Trog was pleased with you.
You visited 1 branch of the dungeon, and saw 2 of its levels.

You collected 7 gold pieces.

Inventory:

Hand Weapons
 a - a +0 falchion (weapon)
 d - a +0 hand axe
 f - a +0 club
 g - a +0 dagger
 h - a +0 club
Armour
 b - a +0 animal skin (worn)
 j - a +0 chain mail
Scrolls
 c - 2 scrolls of blinking
Potions
 i - 3 potions of curing


   Skills:
 + Level 4.2 Fighting
 + Level 4.3 Long Blades
 + Level 2.5 Armour
 + Level 2.4 Dodging


You had one spell level left.
You didn't know any spells.
Your spell library was empty.

Dungeon Overview and Level Annotations

Branches:
Dungeon (2/15)

Altars:

Annotations:
D:2 Robin


Innate Abilities, Weirdness & Mutations

You have a pair of horns on your head.
You reflexively headbutt those who attack you in melee.


Message History

Trog accepts your kill.
Robin of the Strong Arm comes into view.
They are wielding a +6 whip of electrocution.
Robin is attracted toward you.
You completely miss the goblin. Your headbutt misses the goblin.
The goblin misses you.
Robin roars a battlecry!
The goblins go into a battle-frenzy!
You hit the goblin but do no damage. The goblin hits you with a +0 club.
You barely miss the goblin. The goblin hits you with a +0 club.
* * * LOW HITPOINT WARNING * * *
A goblin comes into view. It is wielding a +4 dagger of venom.
Robin says, "Duck!"
Robin throws the goblin at you! The goblin is attracted toward you.
You hit the goblin but do no damage. The goblin closely misses you.
You furiously retaliate!
You headbutt the goblin!
You kill the goblin!
Trog accepts your kill. The goblin barely misses you.
You hit the hobgoblin but do no damage. The goblin closely misses you.
The hobgoblin closely misses you.
You barely miss the hobgoblin.
A goblin comes into view. It is wielding a +0 club.
The goblin hits you but does no damage. The hobgoblin barely misses you.
The goblin is attracted toward you.
You barely miss the hobgoblin. The goblin barely misses you.
The hobgoblin hits you.
* * * LOW HITPOINT WARNING * * *
You hit the hobgoblin but do no damage.
Robin says, "My goblins will feast on your bones."
The goblin barely misses you. You furiously retaliate!
You headbutt the goblin. The hobgoblin closely misses you.
You furiously retaliate!
You headbutt the hobgoblin.
You kill the hobgoblin!
Trog accepts your kill.
You can now call upon Trog for regeneration and willpower.
Robin is attracted toward you.
You hit Robin.
Robin is moderately wounded.
Robin barely misses you. The goblin hits you with a +0 club.
You die...

#. #. # .#. #.#
##.#######
##..<.....#
#.....###.# #
#.....###.###g##ยง#
#.........g@gg...#
##...####.###gg....
###.####.# .....
#......# ####
########


You could see Robin, a hobgoblin (strong) and 4 goblins.

Vanquished Creatures
  2 dart slugs (D:1)
  3 endoplasms (D:1)
  3 goblins
  2 hobgoblins (D:2)
  2 kobolds (D:1)
  3 ball pythons (D:1)
  3 bats (D:1)
  A frilled lizard (D:1)
  2 rats
21 creatures vanquished.

Notes
Turn   | Place    | Note
-------+----------+-------------------------------------------
     0 | D:1      | lucidbluej the Minotaur Berserker began the quest for the
                  | Orb.
     0 | D:1      | Reached XP level 1. HP: 19/19 MP: 0/0
   118 | D:1      | Reached XP level 2. HP: 17/27 MP: 1/1
   269 | D:2      | Noticed Robin
   276 | D:2      | HP: 1/27 [hobgoblin[Robin] (5)]
   277 | D:2      | Reached ** piety under Trog
   278 | D:2      | Slain by a goblin

Illustrated notes

Levels and vault maps discovered:
D:1:      lemuel_arrival_broad_hall, layout_loops_ring,
          nicolae_figureground_pulse
D:2:      layout_loops_cross, basic_altar, hellmonk_ecumenical_altar_blasted,
          serial_shops, shop, uniq_robin, uniq_jessica

Skill      XL: |  1  2 |
---------------+-------+-----
Long Blades    | 4 |  4.3
Fighting       | 4 |  4.2
Armour         | |  2.5
Dodging        | |  2.4

Action                   || total
-------------------------++-------
Melee: Falchion          ||    47
       Headbutt          ||     6
  Use: Scroll            ||     2
       Potion            ||     2
Armor: Animal skin       ||    21
Dodge: Dodged            ||    61

Table legend: (Time is in decaauts)
 A = Elapsed time spent in this place.
 B = Non-inter-level travel time spent in this place.
 C = Inter-level travel time spent in this place.
 D = Time resting spent in this place.
 E = Time spent auto-exploring this place.
 F = Levels seen in this place.
 G = Mean time per level.
                   A        B        C        D        E       F      G
               +--------+--------+--------+--------+--------+-----+--------+
         Total |    282 |    269 |     13 |      0 |      0 |   2 |  141.0 |
       Dungeon |    282 |    269 |     13 |      0 |      0 |   2 |  141.0 |
               +--------+--------+--------+--------+--------+-----+--------+

Top non-repeatable levels by time:
     D:1: 248 daAuts
     D:2: 33 daAuts
